Map: New Repugnancy LE

Players

IIIIIIIIIIII

  • Race: Zerg Zerg
  • League: Master
  • Spawn Location: 1:00

Mez - Winner!

  • Race: Terran Terran
  • League: Master
  • Spawn Location: 7:00

VOD

Have the link to the VOD?

Description

Time

  • Played on: Aug. 10, 2019, 9:50 a.m.
  • Length: 8:53
Show
View Real Time Build Order
Export as new Build Order

IIIIIIIIIIII Zerg 

Build Orders: Pool First 

Get SALT Encoding   

  12  0:17  Spawning Pool  
  11  0:22  Drone  
  11  0:27  Drone  
  13  0:31  Drone  
  14  0:45  Overlord  
  14  0:54  Extractor  
  13  1:04  Zergling x4  
  15  1:05  Zergling x2  
  15  1:10  Extractor  
  15  1:12  Roach Warren  
  14  1:23  Overlord  
  14  1:51  Roach x3  
  19  2:13  Roach  
  21  2:19  Ravager x2  
  22  2:30  Ravager  
  22  2:35  Zergling x2  
  22  2:36  Zergling x2  
  24  3:09  Zergling x6  
  27  3:18  Queen  
  16  4:08  Metabolic Boost  
  15  4:17  Hatchery  
  15  4:23  Queen  
  16  4:31  Drone x2  
  18  4:39  Zergling x4  
  20  4:48  Drone  
  20  4:49  Drone  
  22  5:10  Zergling x2  
  22  5:11  Zergling x2  
  24  5:20  Zergling x2  
  24  5:22  Zergling x2  
  23  5:37  Zergling x6  
  23  5:38  Zergling x2  
  23  5:41  Lair  
  26  5:50  Drone  
  26  5:51  Drone  
  28  6:10  Drone  
  29  6:14  Hatchery  
  27  6:21  Zergling x2  
  27  6:22  Zergling x4  
  27  6:24  Zergling x2  
  28  6:55  Drone x4  
  28  6:58  Extractor  
  31  7:04  Overlord  
  31  7:06  Drone  
  31  7:07  Drone x3  
  35  7:08  Zergling x2  
  36  7:21  Spine Crawler  
  36  7:22  Zergling x4  
  37  7:23  Zergling x4  
  39  7:34  Evolution Chamber  
  34  7:46  Baneling Nest  
  32  8:01  Zergling x2  
  32  8:02  Zergling x12  
  32  8:03  Zergling x6  
  42  8:17  Drone x2  
Show
View Real Time Build Order
Export as new Build Order

Mez Terran - Winner!

Build Orders: 2 Factory, Reaper Expand 

Get SALT Encoding   

  12  0:01  SCV  
  13  0:13  SCV  
  14  0:17  Supply Depot  
  14  0:25  SCV  
  15  0:39  SCV  
  15  0:40  Barracks  
  16  0:44  Refinery  
  16  0:51  SCV  
  17  1:03  SCV  
  18  1:15  SCV  
  19  1:28  Reaper, Orbital Command  
  20  1:41  Command Center  
  20  1:50  Supply Depot  
  21  1:54  SCV  
  21  2:01  Marine  
  20  2:22  Barracks Reactor  
  20  2:32  SCV  
  20  2:40  Bunker  
  20  2:42  Factory  
  20  2:45  SCV  
  21  2:57  Refinery, SCV  
  21  3:01  Marine x2  
  21  3:05  Command Center  
  22  3:11  SCV  
  22  3:12  Factory  
  17  3:28  Marine  
  16  3:35  Marine  
  10  3:49  SCV  
  10  3:55  Supply Depot  
  10  3:57  Supply Depot  
  10  3:58  Factory Tech Lab  
  10  4:06  Marine  
  10  4:20  Cyclone  
  12  4:33  Barracks Reactor  
  12  4:35  SCV  
  13  4:45  SCV  
  14  5:01  SCV, Orbital Command  
  15  5:22  SCV  
  15  5:25  Hellion  
  15  5:26  Hellion  
  20  5:38  SCV  
  20  5:39  SCV  
  19  5:44  Marauder  
  21  5:50  SCV  
  21  5:51  SCV  
  21  5:54  Hellion  
  21  5:56  Hellion  
  27  6:00  Concussive Shells  
  27  6:02  SCV  
  27  6:03  SCV  
  29  6:14  SCV  
  29  6:15  Marauder  
  33  6:26  SCV  
  33  6:27  Hellion x2, Orbital Command  
  37  6:37  Marauder  
  37  6:48  SCV  
  37  6:51  Hellion x2  
  42  6:59  Armory  
  42  7:00  SCV  
  43  7:02  Marauder  
  43  7:03  SCV  
  46  7:19  Supply Depot  
  46  7:21  Supply Depot  
  46  7:38  SCV  
  46  7:40  SCV  
  46  7:59  SCV x2  
  46  8:00  Hellion x2  
  46  8:01  Marine  
  46  8:05  Supply Depot  
  53  8:11  Command Center, Supply Depot  
  53  8:12  SCV x2  
  54  8:27  Supply Depot  
  54  8:28  Marine  
  54  8:29  Hellion  
  54  8:30  Hellion  
  54  8:33  SCV x2  
Tags
 
Add a new tag
Caveats
  • Supply blocks, unpowered buildings, or Contaminate may cause inaccurate times.
  • Supply counts are checked every 10 seconds.